 Dungeon Crawl Stone Soup version 0.18-a0-1507-g69458e0 (webtiles) character file.

779492 4thArraOfDagon the Executioner (level 27, -4/266 HPs)
             Began as a Hill Orc Berserker on Mar 5, 2016.
             Was the Champion of Makhleb.
             Killed from afar by a putrid chaos champion (42 damage)
             ... with a bolt of acid
             ... in Pandemonium.
             The game lasted 03:41:35 (28289 turns).

4thArraOfDagon the Executioner (HOBe)              Turns: 28289, Time: 03:41:36

Health: -4/266     AC: 36    Str: 35    XL:     27
Magic:  30/41      EV:  9    Int: 14    God:    Makhleb [******]
Gold:   130        SH:  0    Dex:  9    Spells: 6 memorised, 35 levels left

rFire  + + +     SeeInvis +     F - +9 executioner's axe (elec)
rCold  + + +     Gourm    .     L - +6 gold dragon armour
rNeg   + . .     Faith    .     (shield currently unavailable)
rPois  +         Spirit   .     h - +0 mask of the Dragon {MR+ Slay+3 SInv}
rElec  +         Dismiss  .     p - +1 cloak of Cowardice {Str+4 SInv}
rCorr  .         Reflect  .     E - +2 pair of gloves {Str+3}
SustAt .         Harm     +     V - +2 pair of boots {Fly}
MR     +++++                    s - amulet of the Illusory Places {Harm *Drain rElec rC+}
Stlth  ..........               W - ring "Elutux" {rF+ rC+ MR+ AC+3}
                                R - ring "Cogikiy" {*Drain rF+ rN+ MR+ Int+3}

@: lethally poisoned (-4 -> -4), about to teleport, weakened, very slightly
contaminated, regenerating, repel missiles, drained, almost entirely resistant
to hostile enchantments, extremely unstealthy
A: deformed body, dopey 1, screaming 1
a: Minor Destruction, Lesser Servant of Makhleb, Major Destruction, Greater
Servant of Makhleb, Renounce Religion, Evoke Flight
}: 9/15 runes: serpentine, barnacled, slimy, silver, golden, glowing, magical,
fiery, dark


You were in Pandemonium.
You worshipped Makhleb.
Makhleb was exalted by your worship.
You were full.

You visited 11 branches of the dungeon, and saw 54 of its levels.
You visited Pandemonium 1 time, and saw 43 of its levels.
You also visited: Ice Cave, Volcano and Wizlab.

You collected 3990 gold pieces.
You spent 3852 gold pieces at shops.

Inventory:

Hand Weapons
 F - a +9 executioner's axe of electrocution (weapon)
Missiles
 x - 7 throwing nets (quivered)
Armour
 h - the +0 mask of the Dragon (worn) {MR+ Slay+3 SInv}
   (You bought it in a shop on level 4 of the Snake Pit)

   It affects your accuracy and damage with ranged weapons and melee attacks
   (+3).
   It affects your resistance to hostile enchantments.
   It lets you see invisible.
 p - the +1 cloak of Cowardice (worn) {Str+4 SInv}
   (You bought it in a shop on level 4 of the Vaults)

   It affects your strength (+4).
   It lets you see invisible.
 E - a +2 pair of gloves of strength (worn)
 L - a +6 gold dragon armour (worn)
 V - a +2 pair of boots of flying (worn)
Jewellery
 o - the ring "Pidorch" {rCorr rN++ Int+6 Dex-2}
   (You found it on level 3 of the Tomb of the Ancients)

   [ring of resist corrosion]

   It affects your intelligence (+6).
   It affects your dexterity (-2).
   It greatly protects you from negative energy.
 q - the ring of Xaagis Ijiw {Fire +Blink rPois MR- Dex+6}
   (You found it on level 11 of the Dungeon)

   [ring of fire]

   It enhances your fire magic, and weakens your ice magic.
   It affects your dexterity (+6).
   It protects you from fire.
   It makes you vulnerable to cold.
   It protects you from poison.
   It affects your resistance to hostile enchantments.
   It lets you blink.
 s - the amulet of the Illusory Places (around neck) {Harm *Drain rElec rC+}
   (You found it in Pandemonium)

   [amulet of harm]

   It increases damage dealt and taken.
   It protects you from cold.
   It insulates you from electricity.
 D - the ring of Lugonu's Condemnation {rF+ Slay+3}
   (You found it in Pandemonium)

   [ring of slaying]

   It affects your accuracy and damage with ranged weapons and melee attacks
   (+3).
   It protects you from fire.
 G - the amulet of the Four Winds {rN+ MR+++ Clar}
   (You found it on level 6 of the Pits of Slime)

   [amulet of nothing]

   It protects you from negative energy.
   It affects your resistance to hostile enchantments.
   It protects you against confusion.
 R - the ring "Cogikiy" (left hand) {*Drain rF+ rN+ MR+ Int+3}
   (You found it on level 15 of the Dungeon)

   [ring of protection from fire]

   It affects your intelligence (+3).
   It protects you from fire.
   It protects you from negative energy.
   It affects your resistance to hostile enchantments.
   It causes draining when unequipped.
 W - the ring "Elutux" (right hand) {rF+ rC+ MR+ AC+3}
   (You found it on level 15 of the Dungeon)

   [ring of protection]

   It affects your AC (+3).
   It protects you from fire.
   It protects you from cold.
   It affects your resistance to hostile enchantments.
Wands
 j - a wand of disintegration (3/24)
 m - a wand of acid (5/15)
 w - a wand of heal wounds (4/9)
 y - a wand of teleportation (0/9)
 J - a wand of teleportation (3/9)
 K - a wand of digging (8/24)
 Z - a wand of teleportation (5/9)
Scrolls
 b - 13 scrolls of remove curse
 l - 5 scrolls of magic mapping
 t - 3 scrolls of recharging
 B - 2 scrolls of identify
 C - 2 scrolls of holy word
 Y - a scroll of blinking
Potions
 a - a potion of berserk rage
 e - 6 potions of agility
 i - 4 potions of cure mutation
 u - 6 potions of resistance
 z - 4 potions of might
 A - 8 potions of curing
 H - a potion of haste
 N - 3 potions of invisibility
 S - 7 potions of brilliance
 T - 3 potions of cancellation
 U - 4 potions of ambrosia
Miscellaneous
 d - a box of beasts
 f - a fan of gales
 k - a box of beasts {used: 6}
 n - 3 phantom mirrors
 r - a figurine of a ziggurat
 M - a sack of spiders {used: 2}
 O - a box of beasts
 P - a lamp of fire
 Q - a phial of floods
Comestibles
 c - 19 bread rations
 g - 24 meat rations


   Skills:
 - Level 25.3(25.2) Fighting
 - Level 26.1(26.0) Axes
 - Level 20.3(20.2) Armour
 - Level 5.4(5.3) Dodging
 + Level 14.2(14.1) Spellcasting
 - Level 6.8 Hexes
 - Level 6.8(6.7) Charms
 - Level 7.3 Necromancy
 * Level 21.0(20.9) Translocations
 - Level 8.4(8.3) Invocations
 - Level 9.4 Evocations


You had 35 spell levels left.
You knew the following spells:

 Your Spells              Type           Power        Failure   Level  Hunger
a - Apportation           Tloc           ######....   0%          1    None
b - Blink                 Tloc           N/A          0%          2    None
c - Repel Missiles        Chrm/Air       ###...       21%         2    None
d - Regeneration          Chrm/Necr      ####......   10%         3    None
e - Spectral Weapon       Hex/Chrm       ####....     12%         3    None
f - Controlled Blink      Tloc           N/A          75%         8    #######


Dungeon Overview and Level Annotations

Branches:
Dungeon (15/15)            Temple (1/1) D:5            Lair (8/8) D:10
 Shoals (4/4) Lair:6        Snake (4/4) Lair:5        Slime (6/6) Lair:7
    Orc (2/2) D:9             Elf (0/3) Orc:2        Vaults (5/5) D:14
  Crypt (3/3) Vaults:2       Tomb (3/3) Crypt:3      Depths (3/5) D:15

Altars:
Ashenzari
Cheibriados
Dithmenos
Fedhas
Gozag
Makhleb
Pakellas
Qazlal
Ru
Trog
Vehumet
Xom
Zin
The Shining One
Beogh
Jiyva

Shops:
D:7 ?(}!(   D:9 [(   Orc:2 %=(*   Snake:4 [   Vaults:4 [   Vaults:5 [

Portals:
Hell: Depths:2
Pandemonium: Depths:3

Annotations:
D:14 exclusion: ice statue
Shoals:3 exclusion: Roxanne, Ilsuiw, Roxanne


Innate Abilities, Weirdness & Mutations

Armour fits poorly on your strangely shaped body.
You are dopey. (Int -2)
You occasionally shout uncontrollably at your foes.


Message History

The gelid blood saint hits you but does no damage.
Unknown command.
Unknown command.
Unknown command.
Read which item? (? for menu, Esc to quit)
Blink to where?
Press: ? - help, Dir - move target cursor You are very lightly contaminated with residual magic.
As you read the scroll of blinking, it crumbles to dust.
You feel sick.
You hear a shout!
Unknown command.
Casting: Regeneration
Confirm with . or Enter, or press ? or * to list all spells.
Your skin crawls.
You feel sick.
Unknown command.
You feel sick.
The putrid chaos champion invokes the aid of its god against you.
The bolt of acid hits you!
You die...

####..#########
#...............). #.
#....(.....))..... #. #.#
######..###### #. #.# #..#
#4### #.########..#####
#3#.## #.................
#3#..## #...........$.....
#.#2#)..####@#####..#########
#..)2626.....# #..#
###.3##..##### #..#
###26###..#########..#####
....2......................
.........6..................
#######..#########..########
#..# #..# ..... .....


You could see a green death, a putrid chaos champion and a gelid blood saint
(berserk).

Vanquished Creatures
  the Royal Jelly (Slime:6)
  Gloorx Vloq (Pan)
  Mnoleg (Pan)
  4 ancient liches
  Mennas (Crypt:3)
  8 greater mummies
  10 pandemonium lords (Pan)
  Xtahua (Vaults:4)
  4 golden dragons (Vaults:5)
  A profane servitor (Pan)
  3 Brimstone Fiends (Pan)
  4 liches
  10 Ice Fiends
  6 Hell Sentinels (Pan)
  3 tentacled monstrosities (Pan)
  3 Shadow Fiends (Pan)
  6 titans
  4 ancient champions
  18 acid blobs
  24 Executioners (Pan)
  7 sphinxes
  Gastronok (Lair:3)
  14 warmongers (Pan)
  8 shadow dragons
  6 storm dragons
  Wiglaf (Crypt:3)
  5 fire giants
  2 daevas (Pan)
  4 tengu reavers
  4 greater nagas (Snake:4)
  7 azure jellies
  A revenant (Crypt:3)
  18 balrugs (Pan)
  A frost giant (D:15)
  15 vault wardens
  A deep elf elementalist (Vaults:5)
  Aizul (Shoals:3)
  15 cacodemons (Pan)
  4 deep elf sorcerers
  3 curse skulls
  3 draconian annihilators (Pan)
  A caustic shrike skeleton (Crypt:1)
  A vampire knight (Crypt:3)
  6 reapers (Pan)
  16 ironheart preservers
  11 very ugly things
  2 war gargoyles (Vaults:5)
  5 ghouls (Crypt:3)
  9 blood saints (Pan)
  12 stone giants
  A salamander stormcaller (Vaults:4)
  Nessos (Lair:6)
  11 lorocyprocas (Pan)
  6 corrupters (Pan)
  A deep elf demonologist (Vaults:5)
  6 bennus
  6 chaos champions (Pan)
  6 deep elf annihilators
  10 black suns (Pan)
  Snorg (Lair:4)
  7 merfolk impalers
  3 deep elf death magi
  13 ettins
  11 green deaths (Pan)
  2 merfolk javelineers (Shoals:4)
  An eidolon (Crypt:3)
  15 blizzard demons (Pan)
  10 mummy priests
  2 fire dragons
  A minotaur (shapeshifter) (Vaults:5)
  10 yaktaur captains
  2 deep elf high priests (Vaults:5)
  A quicksilver dragon zombie (Tomb:1)
  6 great orbs of eyes
  41 vault guards
  Harold (Lair:3)
  12 naga warriors
  9 monstrous demonspawn (Pan)
  12 hydras
  2 rakshasas (Pan)
  3 centaur warriors
  5 merfolk avatars
  An entropy weaver (Vaults:4)
  A catoblepas (D:15)
  12 anacondas
  5 merfolk aquamancers (Shoals:4)
  9 ogre magi
  3 hell beasts (Pan)
  2 death knights
  4 deep troll earth magi
  10 death yaks
  A tengu warrior (D:11)
  2 dancing weapons (Vaults:5)
  2 vampire magi (Crypt:2)
  7 deep elf knights
  The ghost of furman the Transmogrifier, a journeyman VSTm of Okawaru (Lair:1)
  11 naga sharpshooters
  10 shock serpents
  32 soul eaters
  69 sun demons (Pan)
  An iron troll (Vaults:4)
  6 shadow wraiths
  2 salamander mystics
  8 skeletal warriors
  A hell knight (Vaults:3)
  A titan skeleton (Tomb:1)
  2 unseen horrors
  41 death scarabs
  A storm dragon skeleton (Depths:1)
  The ghost of furman the Transmogrifier, a novice VSTm of Okawaru (D:10)
  5 flayed ghosts
  8 infernal demonspawn (Pan)
  4 shadow demons (Pan)
  15 sea snakes
  A cherub (Pan)
  2 unseen horrors (shapeshifter) (Vaults:4)
  20 gelid demonspawn (Pan)
  17 naga ritualists
  11 deep trolls
  11 hill giants
  A wolf spider zombie (Crypt:3)
  7 deep elf archers
  14 putrid demonspawn (Pan)
  3 wizards (Pan)
  17 orc knights
  13 ironbrand convokers
  15 torturous demonspawn
  A necromancer (Depths:1)
  10 harpies
  20 anubis guards
  A phantasmal warrior (Crypt:3)
  A shining eye (Slime:1)
  22 ugly things
  10 deep elf magi
  3 fauns (Shoals:2)
  10 mana vipers
  A shining eye (shapeshifter) (Vaults:5)
  10 griffons
  6 cyclopes
  5 hornets
  5 wolf spiders
  11 manticores
  A fire giant skeleton (Depths:1)
  7 salamanders
  3 rust devils (Pan)
  7 sirens
  23 sixfirhies (Pan)
  A water nymph (shapeshifter) (Vaults:5)
  A centaur zombie (D:12)
  43 elephants
  6 vault sentinels
  5 ice statues
  A water nymph (Shoals:4)
  A stone giant skeleton (Tomb:3)
  2 eyes of devastation
  39 black mambas
  34 smoke demons (Pan)
  2 centaur skeletons
  A gargoyle (D:15)
  23 naga magi
  2 hellions (Pan)
  3 guardian serpents
  16 spiny frogs
  An elephant slug zombie (Crypt:1)
  13 orange demons (Pan)
  5 rime drakes
  A death yak zombie (Crypt:2)
  18 komodo dragons
  25 hellwings (Pan)
  5 freezing wraiths
  28 yaktaurs
  3 kobold demonologists
  A yaktaur (shapeshifter) (D:15)
  14 demonic crawlers (Pan)
  An anaconda simulacrum (IceCv)
  3 efreet
  22 red devils (Pan)
  A golden dragon simulacrum (IceCv)
  An emperor scorpion zombie (Tomb:3)
  A yaktaur skeleton (Depths:1)
  5 tormentors (Pan)
  16 ice devils
  27 guardian mummies
  2 wind drakes (Shoals:4)
  A queen bee (Lair:3)
  2 polar bears (Vaults:4)
  7 trolls
  22 two-headed ogres
  A wind drake (shapeshifter) (Vaults:4)
  15 merfolk
  7 blink frogs
  3 bog bodies (Crypt:3)
  47 slime creatures
  5 boulder beetles
  3 snapping turtles
  10 ushabtiu
  23 flying skulls
  2 shadows
  2 tarantellas
  A spriggan (D:15)
  A wyvern (shapeshifter) (Vaults:3)
  6 water elementals
  11 redbacks
  24 yaks
  7 wyverns
  29 ynoxinuls (Pan)
  6 wraiths
  A human (shapeshifter) (Vaults:1)
  A hill giant skeleton (Crypt:3)
  7 vampire mosquitoes
  13 basilisks
  A human simulacrum (Vaults:3)
  A wolf (Lair:3)
  A hungry ghost (D:15)
  3 steam dragons (Lair:8)
  18 chaos spawn (Pan)
  25 neqoxecs (Pan)
  A harpy simulacrum (IceCv)
  11 hippogriffs
  2 mottled dragons
  A merfolk zombie (Crypt:2)
  A swamp worm (shapeshifter) (Vaults:5)
  3 wargs
  33 nagas
  19 water moccasins
  7 porcupines
  3 hell hounds (D:14)
  A monstrous demonspawn skeleton (Crypt:1)
  23 large abominations (Pan)
  An infernal demonspawn skeleton (Crypt:1)
  27 orc warriors
  6 sky beasts
  4 ice beasts
  An ice dragon simulacrum (Depths:1)
  An eye of draining (shapeshifter) (D:15)
  2 eyes of draining
  A manticore zombie (Tomb:2)
  A phantom (D:4)
  8 wasps
  39 ogres
  7 black bears
  An ettin simulacrum (IceCv)
  5 boggarts (Depths:1)
  8 centaurs
  16 crocodiles
  5 big kobolds
  A swamp dragon skeleton (Pan)
  A komodo dragon skeleton (Crypt:3)
  14 giant frogs
  A cyclops zombie (Crypt:3)
  A cyclops skeleton (Crypt:2)
  A boulder beetle zombie (Crypt:3)
  A scorpion (D:8)
  17 killer bees (Lair:3)
  A manticore simulacrum (Tomb:3)
  2 wights
  3 howler monkeys (D:7)
  An electric eel (Lair:5)
  6 crimson imps
  A wasp zombie (D:10)
  A lava snake (Lair:5)
  13 jellies
  17 orc priests
  2 giant frog skeletons
  A gnoll shaman (Orc:2)
  5 hounds
  5 iguanas
  Natasha (D:3)
  13 orc wizards
  5 worker ants
  A porcupine skeleton (Crypt:3)
  11 sheep
  2 hound zombies (D:8)
  A felid skeleton (Crypt:2)
  2 hound skeletons
  11 mummies
  Robin (D:3)
  A worker ant zombie (D:11)
  8 adders
  3 gnolls (Orc:2)
  23 river rats
  7 shadow imps
  A giant eyeball (D:15)
  A worm (D:5)
  3 dart slugs
  4 giant geckos
  71 orcs
  2 ball pythons
  3 bats
  A bat zombie (Crypt:3)
  A giant cockroach (D:4)
  7 goblins (D:3)
  2 hobgoblins (D:3)
  13 jackals
  5 quokkas
  A ball python skeleton (D:4)
  A giant gecko skeleton (Crypt:3)
  A giant gecko zombie (D:8)
  A giant newt (D:3)
  A jackal skeleton (D:4)
  A jackal zombie (Crypt:1)
  6 kobolds
  A quokka skeleton (D:4)
  4 rats
  A bush (Lair:4)
  2 crawling corpses (Vaults:5)
  9 fungi
  17 plants
2344 creatures vanquished.

Vanquished Creatures (collateral kills)
  2 acid blobs (Slime:6)
  A death ooze (Slime:6)
  A vault guard (D:15)
  A great orb of eyes (Slime:6)
  The ghost of heinrich the Cleaver, a journeyman MiHu of Okawaru (IceCv)
  A hydra (D:15)
  A shock serpent (Snake:4)
  2 shining eyes (Slime:3)
  A griffon (D:15)
  2 cyclopes
  2 slime creatures (Slime:6)
  4 elephants (Lair:6)
  2 yaktaurs (D:15)
  A yaktaur (shapeshifter) (D:15)
  An ice devil (IceCv)
  2 two-headed ogres (Orc:2)
  A wyvern (D:14)
  A basilisk (Lair:1)
  2 hippogriffs
  A porcupine (Lair:6)
  A phantom (D:13)
  2 giant frogs (Lair:1)
  3 jellies (Slime:6)
  A giant eyeball (D:15)
37 creatures vanquished.

Vanquished Creatures (others)
  A tengu reaver (Vaults:5)
  2 eldritch tentacles (Pan)
  A blood saint (Pan)
  A corrupter (Pan)
  A deep elf annihilator (Pan)
  A blizzard demon (Pan)
  An unseen horror (D:14)
  4 death scarabs (Tomb:2)
  2 giant orange brains (Pan)
  A wizard (Pan)
  A polar bear (Tomb:1)
  A hydra skeleton (Tomb:2)
  A flying skull (Tomb:2)
  3 mummies (Tomb:2)
  2 crawling corpses (Vaults:5)
  162 eldritch tentacle segments (Pan)
  7 fungi
  A lost soul (Crypt:3)
  19 plants
  12 spectral weapons
224 creatures vanquished.

Grand Total: 2605 creatures vanquished

Notes
Turn   | Place    | Note
--------------------------------------------------------------
     0 | D:1      | 4thArraOfDagon the Hill Orc Berserker began the quest for the Orb.
     0 | D:1      | Reached XP level 1. HP: 19/19 MP: 1/1
    18 | D:1      | Reached XP level 2. HP: 25/27 MP: 2/2
    86 | D:3      | Noticed Robin
    97 | D:3      | Reached XP level 3. HP: 26/33 MP: 3/3
    98 | D:3      | Killed Robin
   100 | D:3      | Reached ** piety under Trog
   315 | D:4      | Noticed a sky beast
   332 | D:4      | Killed a sky beast
   332 | D:4      | Reached skill level 5 in Axes
   332 | D:4      | Reached XP level 4. HP: 41/41 MP: 4/4
   332 | D:4      | Reached XP level 5. HP: 47/47 MP: 5/5
   339 | D:4      | Gained mutation: You tend to lose your temper in combat. [mutagenic meat]
   340 | D:4      | Gained mutation: Your magical capacity is low (-10% MP). [mutagenic meat]
   341 | D:4      | Gained mutation: You are resistant to hostile enchantments. [mutagenic meat]
   342 | D:4      | Gained mutation: You have supernaturally acute eyesight. [mutagenic meat]
   387 | D:4      | Noticed a phantom
   401 | D:4      | Reached skill level 6 in Axes
   450 | D:4      | Noticed an ogre
   459 | D:4      | Killed an ogre
   459 | D:4      | Reached XP level 6. HP: 53/55 MP: 5/5
   488 | D:4      | Killed a phantom
   488 | D:4      | Reached skill level 5 in Fighting
   488 | D:4      | Reached skill level 7 in Axes
   555 | D:5      | Entered Level 5 of the Dungeon
   765 | D:5      | Reached XP level 7. HP: 45/61 MP: 6/6
   867 | D:5      | Found a staircase to the Ecumenical Temple.
   881 | D:5      | Reached *** piety under Trog
   881 | D:5      | Reached skill level 8 in Axes
   974 | D:3      | Noticed Natasha
  1001 | D:3      | Killed Natasha
  1275 | D:7      | Found an oddly glowing altar of Pakellas.
  1275 | D:7      | Found Pakellas's Prime Provisions.
  1288 | D:7      | Found Heush's Antique Weapon Emporium.
  1313 | D:7      | Found Ociwij's Magic Scroll Emporium.
  1327 | D:7      | Noticed a hippogriff
  1333 | D:7      | Killed a hippogriff
  1333 | D:7      | Reached skill level 5 in Armour
  1342 | D:7      | Bought a scroll of enchant armour for 97 gold pieces
  1342 | D:7      | Bought a scroll of magic mapping for 45 gold pieces
  1342 | D:7      | Bought a scroll of remove curse for 39 gold pieces
  1342 | D:7      | Bought a scroll of identify for 26 gold pieces
  1344 | D:7      | Gained mutation: Your muscles are strong. (Str +2) [potion of mutation]
  1344 | D:7      | Gained mutation: You are agile. (Dex +2) [potion of mutation]
  1506 | D:7      | Reached skill level 9 in Axes
  1563 | D:7      | archaeo: huh
  1563 | D:7      | Found Nussuole's Distillery.
  1572 | D:7      | Reached XP level 8. HP: 61/71 MP: 7/7
  1597 | D:7      | archaeo: HOBe high score really isn't that high
  1597 | D:7      | Bought a potion of curing for 39 gold pieces
  1597 | D:7      | Bought a potion of heal wounds for 65 gold pieces
  1699 | D:7      | Found Yddoi's Weapon Shop.
  1704 | D:7      | 4thArraOfDagon: yea
  1704 | D:7      | 4thArraOfDagon: anyway
  1704 | D:7      | 4thArraOfDagon: i want to start a streak
  1704 | D:7      | archaeo: oh yeah?
  1704 | D:7      | 4thArraOfDagon: with someting spectacular
  1708 | D:7      | archaeo: oh yeah?
  1730 | D:7      | archaeo: what did you have in mind?
  1790 | D:8      | Reached skill level 10 in Axes
  1832 | D:8      | 4thArraOfDagon: i mean
  1832 | D:8      | 4thArraOfDagon: i dont care much about score or anything
  1832 | D:8      | 4thArraOfDagon: just a solid run with some fireworks
  1832 | D:8      | 4thArraOfDagon: to build up confidence
  1832 | D:8      | archaeo: heh ok
  1832 | D:8      | 4thArraOfDagon: and drive it to further games
  1832 | D:8      | archaeo: gonna try to go for like a really long streak?
  1877 | D:8      | 4thArraOfDagon: ill try
  1966 | D:8      | archaeo: sweet
  2078 | D:8      | Reached **** piety under Trog
  2087 | D:8      | Reached skill level 11 in Axes
  2087 | D:8      | Reached XP level 9. HP: 79/79 MP: 8/8
  2262 | D:8      | 4thArraOfDagon: i should probably start with something horrible
  2265 | D:9      | archaeo: eh, if you're actually picking combos
  2265 | D:9      | archaeo: there are enough good combos to go on a really long streak
  2265 | D:9      | 4thArraOfDagon: because playing cookie-cutter combos XXBe isnt really beneficial for self-conf.
  2279 | D:9      | archaeo: tru
  2343 | D:9      | Found Omeufach's Weapon Emporium.
  2352 | D:9      | Found a staircase to the Orcish Mines.
  2364 | D:9      | Found Viycait's Armour Emporium.
  2492 | Orc:1    | Entered Level 1 of the Orcish Mines
  2622 | Orc:2    | Entered Level 2 of the Orcish Mines
  2669 | Orc:2    | Found a roughly hewn altar of Beogh.
  2692 | Orc:2    | Noticed a cyclops
  2708 | Orc:2    | Killed a cyclops
  2708 | Orc:2    | Reached skill level 12 in Axes
  2827 | Orc:2    | Reached ***** piety under Trog
  2871 | Orc:2    | Noticed an ettin
  2895 | Orc:2    | Killed an ettin
  2895 | Orc:2    | Reached skill level 13 in Axes
  2895 | Orc:2    | Reached XP level 10. HP: 43/91 MP: 9/9
  3193 | Orc:2    | Reached skill level 14 in Axes
  3258 | Orc:2    | Received a gift from Trog
  3387 | Orc:2    | Reached skill level 15 in Axes
  3434 | Orc:2    | Noticed an ogre mage
  3453 | Orc:2    | Reached XP level 11. HP: 97/97 MP: 9/9
  3469 | Orc:2    | Killed an ogre mage
  3515 | Orc:2    | Noticed an ogre mage
  3535 | Orc:2    | Reached skill level 10 in Armour
  3540 | Orc:2    | Killed an ogre mage
  3540 | Orc:2    | Reached skill level 16 in Axes
  3579 | Orc:2    | Noticed an ogre mage
  3599 | Orc:2    | Killed an ogre mage
  3610 | Orc:2    | The crystal spear misses you.
  3671 | Orc:2    | Noticed an ogre mage
  3687 | Orc:2    | Found Enluel's Jewellery Shoppe.
  3687 | Orc:2    | Found Qodox's Assorted Antiques.
  3687 | Orc:2    | Found Dorik's Food Shop.
  3687 | Orc:2    | Found Suqoid's Antique Weapon Shoppe.
  3751 | Orc:2    | Found a staircase to the Elven Halls.
  3839 | Orc:2    | Bought a bone battleaxe for 333 gold pieces
  3839 | Orc:2    | Identified the +7 battleaxe of Sudden Death {drain, Str+2 Dex+4} (You bought it in a shop on level 2 of the Orcish Mines)
  3875 | Orc:2    | Killed an ogre mage
  3875 | Orc:2    | Reached skill level 17 in Axes
  3948 | Orc:1    | Noticed an orc knight
  3959 | Orc:1    | Killed an orc knight
  4133 | Orc:2    | Bought a cyan potion for 21 gold pieces
  4133 | Orc:2    | Bought a fizzy coppery potion for 21 gold pieces
  4133 | Orc:2    | Bought a bubbling golden potion for 21 gold pieces
  4134 | Orc:2    | Bought a +5 ring of protection for 880 gold pieces
  4234 | D:10     | Entered Level 10 of the Dungeon
  4240 | D:10     | Noticed furman's ghost (novice VSTm)
  4246 | D:10     | Killed furman's ghost
  4307 | D:11     | Reached XP level 12. HP: 104/104 MP: 10/10
  4552 | D:13     | Reached skill level 18 in Axes
  4583 | D:13     | Lost mutation: Your muscles are strong. (Str +2) [potion of mutation]
  4583 | D:13     | Gained mutation: Your mind is acute. (Int +2) [potion of mutation]
  4705 | D:14     | Noticed a five-headed hydra
  4744 | D:14     | archaeo: lol
  4745 | D:14     | Killed a five-headed hydra
  4754 | D:14     | archaeo: these teles
  4882 | D:15     | Entered Level 15 of the Dungeon
  4891 | D:15     | Reached skill level 19 in Axes
  4927 | D:15     | Noticed a vault guard
  4939 | D:15     | Killed a vault guard
  4952 | D:15     | Noticed an ogre mage
  4952 | D:15     | Noticed a deep troll earth mage
  4957 | D:15     | Killed an ogre mage
  4961 | D:15     | Killed a deep troll earth mage
  5001 | D:15     | 4thArraOfDagon: this layout
  5001 | D:15     | 4thArraOfDagon: that early
  5046 | D:15     | Found a shadowy altar of Dithmenos.
  5077 | D:15     | Noticed a spriggan rider
  5085 | D:15     | archaeo: oh yeah
  5090 | D:15     | Reached XP level 13. HP: 111/111 MP: 11/11
  5097 | D:15     | Got a scintillating steel ring
  5106 | D:15     | archaeo: this is def. one of the harder D:15s that can happen
  5107 | D:15     | Identified the ring "Cogikiy" {*Drain rF+ rN+ MR+ Int+3} (You found it on level 15 of the Dungeon)
  5110 | D:15     | archaeo: I do love spin_cycle though
  5144 | D:15     | Reached skill level 20 in Axes
  5187 | D:15     | 4thArraOfDagon: i really thought
  5187 | D:15     | 4thArraOfDagon: it can spawn at most in depths
  5187 | D:15     | 4thArraOfDagon: apparantly not
  5204 | D:15     | Paralysed by a giant eyeball for 3 turns
  5219 | D:15     | Noticed an ettin
  5226 | D:15     | Killed an ettin
  5234 | D:15     | archaeo: nope, this is one of the rare D:15 encompasses that can spawn
  5260 | D:15     | archaeo: along with that one village layout
  5264 | D:15     | Noticed a vault guard
  5275 | D:15     | Killed a vault guard
  5365 | D:15     | 4thArraOfDagon: at least it contains guaranteed quality loot
  5423 | D:15     | archaeo: yea
  5509 | D:15     | Found an oddly glowing altar of Pakellas.
  5553 | D:15     | Reached skill level 21 in Axes
  5564 | D:15     | Got a faintly glowing bronze ring
  5569 | D:15     | Identified the ring "Elutux" {rF+ rC+ MR+ AC+3} (You found it on level 15 of the Dungeon)
  5570 | D:15     | archaeo: dang
  5570 | D:15     | archaeo: good rings
  5591 | D:15     | Noticed a vault guard
  5598 | D:15     | Killed a vault guard
  5623 | D:15     | Found a staircase to the Depths.
  5623 | D:15     | Noticed an ettin
  5629 | D:15     | Killed an ettin
  5697 | D:15     | Noticed a frost giant
  5711 | D:15     | Killed a frost giant
  5850 | D:14     | Noticed a vault guard
  5850 | D:14     | Noticed a vault guard
  5850 | D:14     | Noticed a vault guard
  5871 | D:15     | Noticed a storm dragon
  5877 | D:15     | Killed a storm dragon
  5877 | D:15     | Reached XP level 14. HP: 110/118 MP: 12/12
  5894 | D:15     | Reached skill level 22 in Axes
  5907 | D:15     | Paralysed by a giant eyeball for 2 turns
  5917 | D:15     | Identified the Tome of Calling
  6054 | D:15     | Found an opulent altar of Gozag.
  6329 | D:13     | 4thArraOfDagon: ok
  6329 | D:13     | 4thArraOfDagon: ill save here and bb later
  6329 | D:13     | 4thArraOfDagon: 1-2hours ish
  6564 | D:12     | Got a heavily runed scale mail
  6733 | D:11     | Got a steaming wooden ring
  6904 | D:10     | Found a staircase to the Lair.
  6935 | D:10     | Identified the ring of Xaagis Ijiw {Fire +Blink rPois MR- Dex+6} (You found it on level 11 of the Dungeon)
  6944 | D:10     | Identified the +6 scale mail "Misi" {Dex+2} (You found it on level 12 of the Dungeon)
  7023 | D:10     | Reached skill level 23 in Axes
  7073 | Lair:1   | Entered Level 1 of the Lair of Beasts
  7073 | Lair:1   | Noticed furman's ghost (journeyman VSTm)
  7080 | Lair:1   | Killed furman's ghost
  7390 | Lair:3   | Found a dark tunnel.
  7396 | Volcano  | Entered a volcano
  7468 | Volcano  | Received a gift from Trog
  7470 | Volcano  | Reached skill level 15 in Armour
  7640 | Lair:3   | Noticed Harold
  7652 | Lair:3   | Killed Harold
  7671 | Lair:4   | Noticed Snorg
  7678 | Lair:4   | Killed Snorg
  7880 | Lair:5   | Found a staircase to the Snake Pit.
  8024 | Lair:7   | Reached XP level 15. HP: 124/124 MP: 13/13
  8100 | Lair:6   | Found a staircase to the Shoals.
  8127 | Lair:7   | Reached skill level 24 in Axes
  8234 | Lair:7   | Found a viscous altar of Jiyva.
  8251 | Lair:7   | Found a staircase to the Slime Pits.
  8329 | Lair:7   | Received a gift from Trog
  8442 | Lair:8   | Entered Level 8 of the Lair of Beasts
  8565 | Lair:8   | Got a smelly chain mail
  8777 | Lair:8   | Reached skill level 25 in Axes
  8804 | Lair:8   | Received a gift from Trog
  8897 | Lair:8   | Identified the +3 chain mail "Docs" {MP-9 Str+5 SInv} (You found it on level 8 of the Lair of Beasts)
  8902 | Lair:8   | Got a fine scale mail
  8913 | Lair:8   | Identified the +2 scale mail of the Catfish {rElec Dex+4} (You found it on level 8 of the Lair of Beasts)
  9052 | Lair:8   | Reached XP level 16. HP: 132/132 MP: 5/14
  9162 | Lair:8   | Drew Focus: Str increased to 25, Dex decreased to 9
  9420 | Lair:6   | Noticed Nessos
  9442 | Lair:6   | Killed Nessos
  9552 | Lair:5   | Found a sacrificial altar of Ru.
  9597 | Lair:5   | Gained mutation: You are partially covered in yellow scales (AC +2). [potion of mutation]
  9597 | Lair:5   | Gained mutation: Your muscles are strong. (Str +2) [potion of mutation]
  9632 | Snake:1  | Entered Level 1 of the Snake Pit
  9637 | Snake:1  | Received a gift from Trog
  9641 | Snake:1  | Reached skill level 1 in Evocations
  9644 | Snake:1  | Reached skill level 26 in Axes
 10035 | Snake:2  | Found a frozen archway.
 10041 | IceCv    | Entered an ice cave
 10043 | IceCv    | Noticed heinrich's ghost (journeyman MiHu)
 10050 | IceCv    | Killed heinrich's ghost
 10216 | IceCv    | Noticed an Ice Fiend
 10224 | IceCv    | Killed an Ice Fiend
 10280 | IceCv    | Reached skill level 10 in Fighting
 10440 | Snake:4  | Entered Level 4 of the Snake Pit
 10550 | Snake:4  | Found Icze's Antique Armour Shop.
 10746 | Snake:3  | Reached XP level 17. HP: 80/145 MP: 0/18
 10774 | Snake:3  | Reached skill level 5 in Evocations
 12201 | Snake:4  | Reached skill level 15 in Fighting
 12278 | Snake:4  | Got a serpentine rune of Zot
 12663 | Snake:2  | Reached XP level 18. HP: 121/163 MP: 4/21
 13211 | Snake:4  | Bought the +0 mask of the Dragon {MR+ Slay+3 SInv} for 1235 gold pieces
 13345 | Shoals:1 | Entered Level 1 of the Shoals
 13628 | Shoals:2 | Received a gift from Trog
 13844 | Shoals:3 | Noticed Roxanne
 13862 | Shoals:3 | Noticed Ilsuiw
 14258 | Shoals:4 | Entered Level 4 of the Shoals
 14750 | Shoals:4 | Identified the Grimoire of Destructive Bewitchment (You found it on level 4 of the Shoals)
 14797 | Shoals:4 | Got a barnacled rune of Zot
 14923 | Shoals:3 | Noticed Aizul
 14930 | Shoals:3 | Killed Aizul
 15136 | Slime:1  | Entered Level 1 of the Pits of Slime
 15158 | Slime:1  | Reached XP level 19. HP: 134/182 MP: 23/23
 15533 | Slime:3  | Lost mutation: You tend to lose your temper in combat. [a shining eye]
 15652 | Slime:6  | Entered Level 6 of the Pits of Slime
 15675 | Slime:6  | Received a gift from Trog
 15809 | Slime:6  | Noticed the Royal Jelly
 15833 | Slime:6  | Killed the Royal Jelly
 16055 | Slime:6  | Got a slimy rune of Zot
 16260 | Lair:3   | Received a gift from Trog
 16310 | Lair:3   | Noticed Gastronok
 16322 | Lair:3   | Killed Gastronok
 16416 | Lair:3   | Fell from the grace of Trog
 16419 | Lair:3   | Learned a level 1 spell: Apportation
 16422 | Lair:3   | Learned a level 2 spell: Blink
 16425 | Lair:3   | Learned a level 2 spell: Repel Missiles
 16429 | Lair:3   | Learned a level 3 spell: Regeneration
 16433 | Lair:3   | Learned a level 3 spell: Spectral Weapon
 16633 | D:7      | Bought a potion of haste for 130 gold pieces
 16633 | D:7      | Bought a potion of curing for 39 gold pieces
 16633 | D:7      | Bought a potion of curing for 39 gold pieces
 16633 | D:7      | Bought a potion of curing for 39 gold pieces
 16633 | D:7      | Bought a potion of agility for 52 gold pieces
 16633 | D:7      | Bought a potion of curing for 39 gold pieces
 16633 | D:7      | Bought a potion of curing for 39 gold pieces
 16633 | D:7      | Bought a potion of resistance for 130 gold pieces
 16633 | D:7      | Bought a potion of agility for 52 gold pieces
 16697 | Temple   | Entered the Ecumenical Temple
 16713 | Temple   | Became a worshipper of Makhleb the Destroyer
 16812 | D:8      | Paralysed by Trog for 7 turns
 16831 | D:9      | #1
 17094 | D:14     | Reached * piety under Makhleb
 17097 | D:14     | Reached skill level 1 in Translocations
 17097 | D:14     | Reached XP level 20. HP: 179/198 MP: 24/24
 17112 | D:14     | Reached skill level 1 in Necromancy
 17138 | D:14     | Found a gate to the Vaults.
 17145 | D:14     | Reached skill level 1 in Spellcasting
 17176 | Vaults:1 | Entered Level 1 of the Vaults
 17212 | Vaults:1 | Reached skill level 1 in Charms
 17232 | Vaults:1 | Reached ** piety under Makhleb
 17454 | Vaults:2 | Found a staircase to the Crypt.
 17486 | Vaults:2 | Reached *** piety under Makhleb
 17796 | Vaults:2 | Reached **** piety under Makhleb
 18060 | Vaults:3 | Reached skill level 5 in Necromancy
 18073 | Vaults:3 | Reached ***** piety under Makhleb
 18076 | Vaults:3 | Reached XP level 21. HP: 199/206 MP: 25/25
 18085 | Vaults:3 | Reached skill level 5 in Charms
 18089 | Vaults:3 | Reached skill level 5 in Dodging
 18395 | Vaults:4 | Reached skill level 5 in Translocations
 18657 | Vaults:5 | Entered Level 5 of the Vaults
 18680 | Vaults:4 | Reached ****** piety under Makhleb
 18712 | Vaults:5 | Noticed an ancient lich
 18778 | Vaults:4 | Noticed Xtahua
 18790 | Vaults:4 | Killed Xtahua
 19030 | Vaults:4 | Learned a level 8 spell: Controlled Blink
 19172 | Vaults:4 | Reached XP level 22. HP: 217/217 MP: 26/26
 19290 | Vaults:4 | jacquesderrida: dagner...
 19331 | Vaults:5 | Killed an ancient lich
 19379 | Vaults:5 | Reached skill level 5 in Spellcasting
 19387 | Vaults:5 | Noticed a golden dragon
 19403 | Vaults:5 | Reached skill level 1 in Invocations
 19405 | Vaults:5 | Killed a golden dragon
 19467 | Vaults:5 | Got a slimy lapis lazuli ring
 19534 | Vaults:5 | Noticed a golden dragon
 19537 | Vaults:5 | Reached skill level 5 in Invocations
 19542 | Vaults:5 | Killed a golden dragon
 19589 | Vaults:5 | Noticed an ancient lich
 19603 | Vaults:5 | Noticed a golden dragon
 19604 | Vaults:5 | Killed an ancient lich
 19615 | Vaults:5 | Killed a golden dragon
 19697 | Vaults:5 | Identified the ring "Luomumit" {*Confuse +Inv +Fly rN+++ Int+3} (You found it on level 5 of the Vaults)
 19729 | Vaults:5 | Got a brightly glowing ring mail
 19730 | Vaults:5 | Identified the +1 ring mail of Divine Compulsion {rPois Dex+2 Slay-4} (You found it on level 5 of the Vaults)
 19797 | Vaults:5 | Reached XP level 23. HP: 228/228 MP: 25/27
 19834 | Vaults:5 | Found Edydymn's Antique Armour Shoppe.
 19834 | Vaults:5 | Noticed a golden dragon
 19860 | Vaults:5 | Killed a golden dragon
 19887 | Vaults:5 | Bought a pair of embroidered boots for 139 gold pieces
 19896 | Vaults:5 | Got a silver rune of Zot
 19944 | Vaults:5 | Identified the Handbook of the Lost Lives (You found it on level 5 of the Vaults)
 19965 | Vaults:5 | Noticed an ancient lich
 19974 | Vaults:5 | Killed an ancient lich
 20080 | Vaults:5 | Identified the Almanac of Shifting Ice
 20101 | Vaults:5 | Got a bound graven amulet
 20102 | Vaults:5 | Identified the amulet "Myon" {Inacc -Tele rElec rC+ Dex+8} (You found it on level 5 of the Vaults)
 20178 | Vaults:4 | Found Qelim's Antique Armour Shoppe.
 20183 | Vaults:4 | Bought a translucent cloak for 332 gold pieces
 20208 | Vaults:4 | Identified the +1 cloak of Cowardice {Str+4 SInv} (You bought it in a shop on level 4 of the Vaults)
 20305 | Crypt:1  | Entered Level 1 of the Crypt
 20441 | Crypt:2  | Found a magical portal.
 20446 | WizLab   | Entered Wucad Mu's Monastery
 20447 | WizLab   | 4thArraOfDagon: what hides here
 20447 | WizLab   | 4thArraOfDagon: dagner>
 20447 | WizLab   | jacquesderrida: dangnar
 20447 | WizLab   | jacquesderrida: wucader
 20447 | WizLab   | jacquesderrida: be ware of wu cader
 20523 | Crypt:3  | Entered Level 3 of the Crypt
 20548 | Crypt:3  | Noticed Mennas
 20577 | Crypt:3  | Killed Mennas
 20586 | Crypt:3  | Noticed Wiglaf
 20595 | Crypt:3  | Killed Wiglaf
 20658 | Crypt:3  | Reached skill level 1 in Hexes
 20682 | Crypt:3  | Found a staircase to the Tomb.
 20718 | Tomb:1   | Entered Level 1 of the Tomb of the Ancients
 20848 | Tomb:1   | jacquesderrida: CEIG
 20859 | Tomb:1   | zzxc: wait what's that
 20862 | Tomb:1   | jacquesderrida: KEIG!
 21037 | Tomb:3   | Entered Level 3 of the Tomb of the Ancients
 21168 | Tomb:3   | Noticed a greater mummy
 21170 | Tomb:3   | Noticed an ancient lich
 21171 | Tomb:3   | Noticed a greater mummy
 21172 | Tomb:3   | Reached XP level 24. HP: 213/237 MP: 29/31
 21215 | Tomb:3   | Noticed a greater mummy
 21215 | Tomb:3   | Noticed a greater mummy
 21220 | Tomb:3   | Killed an ancient lich
 21268 | Tomb:2   | jacquesderrida: heh
 21307 | Tomb:2   | Killed a greater mummy
 21367 | Tomb:2   | Killed a greater mummy
 21367 | Tomb:2   | Reached skill level 5 in Hexes
 21369 | Tomb:2   | Killed a greater mummy
 21461 | Tomb:3   | Noticed a greater mummy
 21468 | Tomb:3   | Noticed a greater mummy
 21468 | Tomb:3   | Noticed a greater mummy
 21473 | Tomb:3   | Killed a greater mummy
 21476 | Tomb:3   | Killed a greater mummy
 21495 | Tomb:3   | Killed a greater mummy
 21501 | Tomb:3   | BLOAX: * * * don't die * * *
 21528 | Tomb:3   | BLOAX: nice axe
 21572 | Tomb:2   | jacquesderrida: BomgX
 21579 | Tomb:3   | jacquesderrida: BongX
 21616 | Tomb:2   | Killed a greater mummy
 21707 | Tomb:3   | jacquesderrida: dennnnnn
 21726 | Tomb:3   | Got a coiled brass ring
 21727 | Tomb:3   | Identified the ring "Qach" {rElec MR+++ Dex+4 Slay-3 Stlth-} (You found it on level 3 of the Tomb of the Ancients)
 21729 | Tomb:3   | jacquesderrida: dane
 21729 | Tomb:3   | Got a smoking ivory ring
 21730 | Tomb:3   | Identified the ring "Somoick" {Fire MP+9 Str+5} (You found it on level 3 of the Tomb of the Ancients)
 21733 | Tomb:3   | jacquesderrida: dennnnnng
 21734 | Tomb:3   | Got a warped marble ring
 21736 | Tomb:3   | Identified the ring "Pidorch" {rCorr rN++ Int+6 Dex-2} (You found it on level 3 of the Tomb of the Ancients)
 21737 | Tomb:3   | 4thArraOfDagon: dang!
 21737 | Tomb:3   | jacquesderrida: pidor
 21737 | Tomb:3   | jacquesderrida: Very good name for a ring
 21782 | Tomb:3   | Noticed a greater mummy
 21792 | Tomb:3   | Killed a greater mummy
 21844 | Tomb:3   | Got a golden rune of Zot
 21951 | Tomb:1   | Noticed a greater mummy
 21953 | Tomb:1   | Noticed a greater mummy
 22254 | Depths:1 | Entered Level 1 of the Depths
 22335 | Depths:1 | Reached skill level 10 in Translocations
 22409 | Depths:2 | Found a gateway to Hell.
 22428 | Depths:3 | Found a one-way gate leading to the halls of Pandemonium.
 22432 | Pan      | Entered Pandemonium
 22437 | Pan      | Reached XP level 25. HP: 248/248 MP: 32/32
 22451 | Pan      | Gained mutation: Your spells are a little easier to cast, but a little less powerful. [a cacodemon]
 22452 | Pan      | Gained mutation: Potions and wands are less effective at restoring your health. [a cacodemon]
 22649 | Pan      | Noticed Sielox the pandemonium lord
 22658 | Pan      | BLOAX: veri gud indeed
 22659 | Pan      | Killed Sielox the pandemonium lord
 22730 | Pan      | Noticed Ruavoosysh the pandemonium lord
 22789 | Pan      | WOW
 23045 | Pan      | HP: 6/250 [Brimstone Fiend/blast of hellfire (24)]
 23049 | Pan      | BLOAX: chainblinking
 23054 | Pan      | BLOAX: mmm yes bby
 23299 | Pan      | Gained mutation: You occasionally shout uncontrollably at your foes. [a neqoxec]
 23351 | Pan      | Got a vibrating lead ring
 23356 | Pan      | Identified the ring of Lugonu's Condemnation {rF+ Slay+3} (You found it in Pandemonium)
 23590 | Pan      | Was forgiven by Trog
 23659 | Pan      | Gained mutation: Your body sometimes deteriorates upon taking damage. [a cacodemon]
 23719 | Pan      | Reached skill level 15 in Translocations
 23735 | Pan      | Reached skill level 10 in Spellcasting
 23747 | Pan      | Found an exit through the horrors of the Abyss.
 23916 | Pan      | Noticed Vuod the pandemonium lord
 23958 | Pan      | Reached XP level 26. HP: 258/258 MP: 26/33
 24276 | Pan      | Noticed Darr the pandemonium lord
 24300 | Pan      | Killed Darr the pandemonium lord
 24330 | Pan      | Found an exit through the horrors of the Abyss.
 24423 | Pan      | Entered the realm of Cerebov.
 24507 | Pan      | Got an ancient cloak
 24508 | Pan      | Identified the cursed +0 cloak "Ixuacroh" {rF+ Int+2} (You found it in Pandemonium)
 24560 | Pan      | Got a faintly glowing emerald amulet
 24561 | Pan      | Identified the amulet of the Illusory Places {Harm *Drain rElec rC+} (You found it in Pandemonium)
 24562 | Pan      | 4thArraOfDagon: interesting
 24562 | Pan      | jacquesderrida: NO!!
 24562 | Pan      | jacquesderrida: HORAM!!!
 24563 | Pan      | Got a sparkling glass ring
 24565 | Pan      | Identified the ring "Fakobbipn" {rPois Dex+2} (You found it in Pandemonium)
 24572 | Pan      | Noticed Cerebov
 24577 | Pan      | Got a fiery rune of Zot
 24607 | Pan      | Found an exit through the horrors of the Abyss.
 24650 | Pan      | magipi: holy?
 24662 | Pan      | jacquesderrida: NAH...
 24662 | Pan      | BLOAX: this is a sacred place
 24662 | Pan      | 4thArraOfDagon: nah
 24664 | Pan      | BLOAX: it is haram for dirty orcs
 24706 | Pan      | BLOAX: pig men
 24707 | Pan      | BLOAX: disgusdting
 24760 | Pan      | jacquesderrida: no u...
 24774 | Pan      | Got a fine plate armour
 24778 | Pan      | BLOAX: A Fine (tm) Plate
 24861 | Pan      | Found an exit through the horrors of the Abyss.
 24952 | Pan      | Noticed Oduar the pandemonium lord
 24971 | Pan      | Identified the +9 plate armour "Macuw" {rF+ MP+9 Str+4} (You found it in Pandemonium)
 25011 | Pan      | Found an exit through the horrors of the Abyss.
 25187 | Pan      | Lost mutation: You are agile. (Dex +2) [a neqoxec]
 25196 | Pan      | Noticed Mial the pandemonium lord
 25229 | Pan      | Killed Mial the pandemonium lord
 25248 | Pan      | Found an exit through the horrors of the Abyss.
 25277 | Pan      | Found a huge runed gate.
 25282 | Pan      | Noticed Isoryshell the pandemonium lord
 25297 | Pan      | Killed Isoryshell the pandemonium lord
 25309 | Pan      | Reached XP level 27. HP: 213/266 MP: 18/34
 25362 | Pan      | Entered the realm of Lom Lobon.
 25650 | Pan      | Noticed Lom Lobon
 25664 | Pan      | Got a magical rune of Zot
 25694 | Pan      | magipi: very nice
 25698 | Pan      | Found an exit through the horrors of the Abyss.
 25737 | Pan      | jacquesderrida: thanks
 25788 | Pan      | 4thArraOfDagon: np
 25804 | Pan      | Found an exit through the horrors of the Abyss.
 25811 | Pan      | jacquesderrida: ye
 25995 | Pan      | Found an exit through the horrors of the Abyss.
 26114 | Pan      | EXTREMLY BAD
 26172 | Pan      | WTF
 26173 | Pan      | WTOFL
 26190 | Pan      | emiel: dump pls?
 26224 | Pan      | Noticed Cumil the pandemonium lord
 26352 | Pan      | emiel: thx
 26355 | Pan      | 4thArraOfDagon: :(
 26400 | Pan      | Entered the realm of Mnoleg.
 26421 | Pan      | Lost mutation: You have supernaturally acute eyesight. [a neqoxec]
 26425 | Pan      | Gained mutation: Your magical capacity is very low (-20% MP). [a neqoxec]
 26429 | Pan      | Gained mutation: Your magical capacity is extremely low (-30% MP). [a neqoxec]
 26430 | Pan      | Gained mutation: You are frail (-10% HP). [a neqoxec]
 26491 | Pan      | Noticed Mnoleg
 26492 | Pan      | Gained mutation: You are occasionally teleported next to monsters. [a neqoxec]
 26505 | Pan      | Got a glowing rune of Zot
 26583 | Pan      | jacquesderrida: pls no dump
 26583 | Pan      | jacquesderrida: plis clean
 26583 | Pan      | Lost mutation: Your magical capacity is extremely low (-30% MP). [potion of cure mutation]
 26583 | Pan      | Lost mutation: You occasionally shout uncontrollably at your foes. [potion of cure mutation]
 26583 | Pan      | Lost mutation: You are resistant to hostile enchantments. [potion of cure mutation]
 26583 | Pan      | Lost mutation: You are occasionally teleported next to monsters. [potion of cure mutation]
 26583 | Pan      | Lost mutation: Your magical capacity is very low (-20% MP). [potion of cure mutation]
 26584 | Pan      | Lost mutation: Your body sometimes deteriorates upon taking damage. [potion of cure mutation]
 26584 | Pan      | Lost mutation: Your mind is acute. (Int +2) [potion of cure mutation]
 26584 | Pan      | Lost mutation: Your magical capacity is low (-10% MP). [potion of cure mutation]
 26584 | Pan      | Lost mutation: Your spells are a little easier to cast, but a little less powerful. [potion of cure mutation]
 26584 | Pan      | Lost mutation: You are frail (-10% HP). [potion of cure mutation]
 26615 | Pan      | BLOAX: https://dl.dropboxusercontent.com/u/63152810/n/xcom/piratez/test/make_the_pain_stop2.gif what the fuck am i doing
 26643 | Pan      | Noticed Filli Six the pandemonium lord
 26677 | Pan      | Killed Filli Six the pandemonium lord
 26692 | Pan      | Entered the realm of Gloorx Vloq.
 26718 | Pan      | Noticed Mnoleg
 26749 | Pan      | Killed Mnoleg
 26752 | Pan      | jacquesderrida: bed.....
 26908 | Pan      | Noticed Gloorx Vloq
 26916 | Pan      | Killed Gloorx Vloq
 26933 | Pan      | Got a dark rune of Zot
 26996 | Pan      | Noticed Xebucil the pandemonium lord
 27014 | Pan      | Noticed Cerebov
 27020 | Pan      | magipi: oh crap
 27026 | Pan      | Lost mutation: Potions and wands are less effective at restoring your health. [potion of cure mutation]
 27026 | Pan      | Lost mutation: Your muscles are strong. (Str +2) [potion of cure mutation]
 27026 | Pan      | Lost mutation: You are partially covered in yellow scales (AC +2). [potion of cure mutation]
 27125 | Pan      | Killed Xebucil the pandemonium lord
 27165 | Pan      | Gained mutation: You occasionally shout uncontrollably at your foes. [a cacodemon]
 27279 | Pan      | Noticed Lom Lobon
 27283 | Pan      | Gained mutation: Armour fits poorly on your strangely shaped body. [a neqoxec]
 27295 | Pan      | Found an exit through the horrors of the Abyss.
 27637 | Pan      | Noticed Lom Lobon
 27674 | Pan      | HP: 13/266 [blizzard demon/the air[Lom Lobon] (18)]
 27676 | Pan      | jacquesderrida: DENNNNNNNNNNNNN
 27678 | Pan      | Found an exit through the horrors of the Abyss.
 27697 | Pan      | timbw: this char not having a easy pan
 27729 | Pan      | timbw: looks miserable
 27783 | Pan      | Noticed Cerebov
 27787 | Pan      | Noticed Nefusk the pandemonium lord
 27802 | Pan      | Killed Nefusk the pandemonium lord
 27842 | Pan      | 4thArraOfDagon: my last spend 59levels :(
 27875 | Pan      | 4thArraOfDagon: this is because no tele spam possible
 27896 | Pan      | Noticed Filu the pandemonium lord
 27911 | Pan      | Gained mutation: You are dopey. (Int -2) [a cacodemon]
 27918 | Pan      | Killed Filu the pandemonium lord
 28026 | Pan      | Found an exit through the horrors of the Abyss.
 28077 | Pan      | Found a runed door.
 28084 | Pan      | Found a runed door.
 28085 | Pan      | Found a runed door.
 28094 | Pan      | Found a runed door.
 28106 | Pan      | Noticed Kumm the pandemonium lord
 28116 | Pan      | Killed Kumm the pandemonium lord
 28167 | Pan      | Noticed Hoathuen the pandemonium lord
 28170 | Pan      | BLOAX: first they removed our ctele
 28177 | Pan      | Killed Hoathuen the pandemonium lord
 28180 | Pan      | BLOAX: then they removed our tele
 28184 | Pan      | BLOAX: then they removed our fun
 28190 | Pan      | magipi: they removed the tele ring?
 28194 | Pan      | BLOAX: they didn't remove it
 28203 | Pan      | BLOAX: they just removed the evocable teleport :D
 28264 | Pan      | 4thArraOfDagon: welcome
 28264 | Pan      | 4thArraOfDagon: to the land of 10k pan games
 28285 | Pan      | magipi: well, play another version then
 28286 | Pan      | magipi: easy
 28289 | Pan      | Killed from afar by a putrid chaos champion

Vault maps used:
D:1:      scummos_arrival_simple_crosswalls
D:2:      kennysheep_ying_yang
D:3:      gammafunk_temple_overflow_statue, uniq_natasha, uniq_terence,
          uniq_robin
D:4:      first_bread, trog_hazing_becter, uniq_crazy_yiuf_cottage
D:6:      bh_walls_and_bars
D:7:      serial_shops, shop_coins, kennysheep_little_box,
          nicolae_shop_waterfront, shop, johnstein_pakellas_shop
D:9:      orc_david_3
D:10:     minmay_lair_entry_grove, grunt_decor_fettered
D:11:     minmay_cut_squares
D:13:     serial_shops, shop, the_bakery, tgw_fedhas
D:14:     minmay_separated_statues, erik_vaults_2, minmay_misc_feat_room,
          special_room, minmay_statue_bubble
D:15:     hangedman_spin_cycle
Temple:   nicolae_temple_x_marks_the_god_16
Lair:1:   beast_lair_carwin_9
Lair:3:   special_room, nicolae_volcano_entry_s_turn, beast_lair_carwin_7,
          infiniplex_staircase_pool_2, uniq_gastronok, uniq_harold
Lair:4:   minmay_hedge_maze, serial_bayou_shore_b, lemuel_fruit_tree, uniq_snorg
Lair:5:   guppyfry_snake_entry_garden, lemuel_centaur_altar,
          infiniplex_staircase_pool
Lair:6:   elwin_shoals_entry_rocks, uniq_nessos
Lair:7:   mu_elephants_graveyard, slime_altar_1, serial_bayou_pond_d,
          st_stairs_7, beast_lair_carwin_2
Lair:8:   hangedman_lair_tendril_chambers, guppyfry_lair_end_dragon,
          st_stairs_9, minivault_24
Shoals:2: nicolae_shoals_kraken_intersection
Shoals:3: st_sunken_huts, uniq_aizul, uniq_ilsuiw, uniq_roxanne
Shoals:4: shoals_end_simple, shoals_ilsuiw_alternative,
          nicolae_shoals_square_sea_wall, nicolae_shoals_seven_spires,
          lightli_airlock
Snake:2:  portal_ice_cave_entry_horrid_things, stair_cage_line
Snake:3:  serial_bayou_shore_b, uniq_vashnia
Snake:4:  snake_pit, serial_shops, nicolae_shop_overgrown_old_shop
Slime:1:  basic_altar
Slime:2:  cheibrodos_slime_lost_civilization_4
Slime:6:  uniq_dissolution
Orc:2:    st_orc_ogre_mass, basic_altar
Vaults:1: grunt_vaults_twisty, hangedman_vaults_unwind, nicolae_vaults_meeting,
          v_alt_pattern_6, nicolae_vaults_border_crossing,
          ontoclasm_vaults_pinch, hangedman_vaults_variations, vaults_mumra_hex,
          nicolae_vaults_diagonal_hallway_9, nicolae_vaults_circle_grid_a,
          vaults_dpeg_diagonal, vaults_room_pool,
          nicolae_vaults_big_angled_halls, ontoclasm_vaults_bender,
          ontoclasm_vaults_twist
Vaults:2: v_alt_pattern_1, v_rooms_2, v_alt_pattern_2, nicolae_vaults_theta,
          v_pattern_5, ontoclasm_vaults_ligature,
          minmay_crypt_entry_simple_round, grunt_vaults_hallway_short,
          ontoclasm_vaults_loading_screen
Vaults:3: hangedman_vaults_river_flow, dpeg_vaults_pockets_of_resistance,
          hangedman_vaults_stream, v_alt_pattern_6, nicolae_vaults_shelves_hall,
          grunt_vaults_funnel, nicolae_vaults_alarming, v_pattern_2,
          vaults_room_stairs_pillars
Vaults:4: nicolae_vaults_circle_grid_b, nicolae_vaults_little_squares_3,
          grunt_vaults_trifunnel, vaults_standard_mumra_x,
          nicolae_vaults_know_your_exits, vaults_room_stairs_pillars,
          hangedman_vaults_trim, v_pattern_3, ontoclasm_vaults_ring_small,
          nicolae_vaults_little_squares_1, v_misc_3, serial_shops,
          nicolae_shop_crystal, uniq_xtahua
Crypt:1:  serial_sigils, serial_sigils_hangedman_quiver,
          serial_sigils_hangedman_snap, serial_sigils_hangedman_leer,
          serial_sigils_hangedman_scar, serial_sigils_hangedman_stare,
          lemuel_dead_fish_pool
Crypt:2:  mu_enter_wizlab_2, corexii_hall_statues_i
Crypt:3:  church_of_pain_bobbens, uniq_wiglaf, uniq_jorgrun, uniq_mennas
Depths:1: pf_hell_entry_tar_river, nemelex_xobeh_ov_fountains_minmay,
          minivault_15, minivault_14, aerie_lemuel
Depths:2: minmay_concentric_multi, enter_ziggurat_f, hangedman_geh_valley,
          minmay_misc_feat_encased, kennysheep_generic_room_10
Depths:3: hangedman_screamer, hell_entry, rand_demon_pan_entry_8,
          minmay_misc_feat_hallway, nicolae_trove_entry_free_sample,
          serial_glass, glass_columns_b, glass_columns_a,
          kennysheep_generic_room_2, infiniplex_staircase_x
Pan:      rand_demon_8, evilmike_mini_pan_pillars, grunt_pan_zigzag,
          pan_blood_fountain, rand_demon_4, rand_demon_1, pan_blood_fountain,
          evilmike_mini_pan_possible_glass, pan_blood_fountain_small,
          pan_blood_fountain, evilmike_mini_pan_T, pan_blood_fountain_small,
          nicolae_pan_glass_arcs, pan_blood_fountain_2,
          evilmike_mini_pan_pillars, nicolae_pan_lom_lobonic_1,
          evilmike_mini_pan_V, lemuel_hall_of_pain, evilmike_mini_pan_V,
          nicolae_pan_lom_lobonic_2, evilmike_mini_pan_other_thingy,
          pan_blood_fountain, rand_demon_8, nicolae_pan_glass_arcs,
          pan_blood_fountain_small, nicolae_pan_strange_glyphs,
          evilmike_mini_pan_doors_b, cerebov_grunt_fire_and_steel,
          nicolae_pan_sigil_obb, nicolae_pan_sick_transit, evilmike_holy_pan,
          rand_demon_5, rand_demon_3, evilmike_mini_pan_diamond,
          evilmike_mini_pan_thingy, nicolae_pan_sigil_uleosi,
          nicolae_pan_giant_door, evilmike_mini_pan_doors, pan_blood_fountain_2,
          nicolae_pan_sigil_eeng, nicolae_pan_gloorx_vloqian_4,
          nicolae_pan_strange_glyphs, lom_lobon_spiral_st,
          evilmike_mini_pan_branches, uniq_lom_lobon, lemuel_hellion_island,
          uniq_cerebov, evilmike_mini_pan_branches, rand_demon_1,
          uniq_lom_lobon, mnoleg_st, pan_blood_fountain, uniq_cerebov,
          nicolae_pan_glass_arcs, pan_blood_fountain_small, uniq_cerebov,
          uniq_lom_lobon, gloorx_vloq_grunt, uniq_mnoleg,
          evilmike_mini_pan_doors, uniq_cerebov, rand_demon_5, uniq_ignacio,
          nicolae_pan_mnolegish_1, nicolae_pan_strange_glyphs, pan_surprise,
          evilmike_mini_pan_branches, pan_blood_fountain, uniq_lom_lobon,
          evilmike_mini_pan_3x3, rand_demon_9, evilmike_mini_pan_doors,
          uniq_lom_lobon, nicolae_pan_sigil_uleosi, rand_demon_3, uniq_cerebov,
          pan_blood_fountain_2, evilmike_mini_pan_doors_b, pan_blood_fountain_2,
          rand_demon_7, evilmike_mini_pan_3x3, pan_blood_fountain_small,
          uniq_ignacio, pan_blood_fountain, grunt_pan_zigzag, uniq_cerebov
IceCv:    ice_cave_tombish
Volcano:  volcano_pools
WizLab:   wizlab_wucad

Skill      XL: |  1  2  3  4  5  6  7  8  9 10 11 12 13 14 15 16 17 18 19 20 21 22 23 24 25 26 27 |
---------------+----------------------------------------------------------------------------------+-----
Fighting       | 4 5 6 7 9 11 15 19 21 22 23 24 25 | 25.3
Armour         | 3 4 5 6 8 9 11 12 14 15 16 17 18 19 20 | 20.3
Axes           | 5 6 7 9 11 13 15 17 19 21 23 25 26 | 26.1
Evocations     | 4 8 9 |  9.4
Dodging        | 4 5 |  5.4
Translocations | 1 4 6 10 15 17 21 | 21.0
Necromancy     | 5 7 |  7.3
Spellcasting   | 2 4 5 7 9 10 11 14 | 14.2
Charms         | 4 6 |  6.8
Invocations    | 8 |  8.4
Hexes          | 3 6 |  6.8

Action                   |  1- 3 |  4- 6 |  7- 9 | 10-12 | 13-15 | 16-18 | 19-21 | 22-24 | 25-27 || total
-------------------------+-------+-------+-------+-------+-------+-------+-------+-------+-------++-------
Melee: Hand axe          |    56 |    83 |   203 |       |       |       |       |       |       ||   342
       War axe           |       |       |    59 |   167 |       |       |       |       |       ||   226
       Battleaxe         |       |       |       |   127 |   563 |       |       |       |       ||   690
       Broad axe         |       |       |       |       |    29 |    46 |       |       |       ||    75
       Executioner's axe |       |       |       |       |   176 |   995 |   833 |   901 |  1591 ||  4496
Throw: Throwing net      |       |       |       |       |       |     1 |       |       |     1 ||     2
 Cast: Regeneration      |       |       |       |       |       |       |    17 |    60 |   135 ||   212
       Repel Missiles    |       |       |       |       |       |       |     2 |     1 |     6 ||     9
       Apportation       |       |       |       |       |       |       |       |    21 |    48 ||    69
       Spectral Weapon   |       |       |       |       |       |       |       |     3 |    15 ||    18
Invok: Berserk           |     3 |     2 |    12 |    16 |    15 |    16 |     4 |       |       ||    68
       Trog's Hand       |       |     1 |     2 |    15 |    40 |    80 |     5 |       |       ||   143
       Brothers in Arms  |       |       |       |     4 |     4 |     2 |     3 |       |       ||    13
       Burn Spellbooks   |       |       |       |       |     1 |       |       |       |       ||     1
       Renounce Religion |       |       |       |       |       |       |     1 |       |       ||     1
       Lesser Servant of |       |       |       |       |       |       |       |     1 |       ||     1
       Greater Servant o |       |       |       |       |       |       |       |     1 |       ||     1
 Abil: Stop Flying       |       |       |       |       |       |       |       |     1 |     2 ||     3
       Evoke Flight      |       |       |       |       |       |       |       |       |     2 ||     2
Evoke: Wand              |       |       |     2 |     5 |       |    15 |     4 |     3 |    28 ||    57
       Deck              |       |       |       |       |     3 |     2 |       |       |       ||     5
       Box of beasts     |       |       |       |       |       |     2 |     2 |       |     2 ||     6
       Sack of spiders   |       |       |       |       |       |     1 |     1 |       |       ||     2
  Use: Scroll            |     1 |     1 |     3 |     6 |    20 |    13 |     8 |    26 |    33 ||   111
       Potion            |       |       |     1 |     2 |     6 |     9 |     9 |    12 |    23 ||    62
 Stab: Distracted        |       |       |       |       |     1 |       |     2 |       |     1 ||     4
       Invisible         |       |       |       |       |       |       |       |       |     3 ||     3
       Paralysed         |       |       |       |       |       |       |       |       |     1 ||     1
  Eat: Chunk             |       |     9 |    19 |    25 |    29 |    23 |     8 |     3 |       ||   116
       Fruit             |       |     1 |       |       |     2 |     3 |       |       |     4 ||    10
       Pizza             |       |       |     1 |     1 |     3 |     5 |       |       |       ||    10
       Beef jerky        |       |       |       |       |     7 |     1 |     2 |     3 |       ||    13
       Meat ration       |       |       |       |       |       |     2 |       |       |       ||     2
       Bread ration      |       |       |       |       |       |     3 |     3 |     1 |     6 ||    13
       Royal jelly       |       |       |       |       |       |     1 |       |     4 |     6 ||    11
